 Dungeon Crawl Stone Soup version 0.15.2 (webtiles) character file.

66 monstruo the Cudgeler (level 3, -3/34 HPs)
             Began as a Minotaur Berserker on Nov 17, 2014.
             Was a Believer of Trog.
             Slain by a scorpion (9 damage)
             ... on Level 3 of the Dungeon.
             The game lasted 00:04:14 (1937 turns).

monstruo the Cudgeler (Minotaur Berserker)          Turns: 1937, Time: 00:04:14

HP  -3/34        AC  2     Str 21      XL: 3   Next: 96%
MP   2/2         EV 12     Int  4      God: Trog [**....]
Gold 206         SH  0     Dex 10      Spells:  0 memorised,  2 levels left

rFire  . . .     SeeInvis .     a - +0 mace
rCold  . . .     Clarity  .     b - +0 animal skin
rNeg   . . .     rCorr    .     (no shield)
rPois  .         rRot     .     (helmet restricted)
rElec  .         Spirit   .     (no cloak)
SustAb .         Warding  .     (no gloves)
rMut   .         Stasis   .     (no boots)
Gourm  .                        (no amulet)
MR     .....                    (no ring)
                                (no ring)

@: not resistant to hostile enchantments, very unstealthy
A: retaliatory headbutt, horns 2
a: Burn Spellbooks, Berserk, Trog's Hand, Renounce Religion


You were on level 3 of the Dungeon.
You worshipped Trog.
Trog was pleased with you.
You were very hungry.

You visited 1 branch of the dungeon, and saw 3 of its levels.

You collected 206 gold pieces.

Inventory:

Hand weapons
 a - a +0 mace (weapon)
Armour
 b - a +0 animal skin (worn)
Comestibles
 c - 2 bread rations
 l - a meat ration
 r - 2 slices of pizza
 s - a beef jerky
Scrolls
 d - 3 scrolls of noise {unknown}
 e - 2 scrolls of identify {unknown}
 f - a scroll of enchant weapon {unknown}
 g - a scroll of remove curse {unknown}
 j - 2 scrolls of magic mapping {unknown}
 t - a scroll of immolation {unknown}
 u - a scroll of random uselessness {unknown}
Jewellery
 i - an uncursed amulet of warding {unknown}
 k - an uncursed ring of stealth {unknown}
 o - an uncursed ring of positive energy {unknown}
 p - an uncursed ring of wizardry {unknown}
Potions
 h - a potion of restore abilities {unknown}
 m - a potion of degeneration {unknown}
 n - a potion of agility {unknown}
 q - a potion of heal wounds {unknown}
 v - a potion of haste {unknown}


   Skills:
 + Level 4.5 Fighting
 + Level 4.7 Maces & Flails
 + Level 2.4 Armour
 + Level 2.9 Dodging
 + Level 0.1 Stealth


You had 2 spell levels left.
You didn't know any spells.

Dungeon Overview and Level Annotations

Branches:
Dungeon (3/15)

Altars:
Yredelemnul


Innate Abilities, Weirdness & Mutations

You reflexively headbutt those who attack you in melee.
You have a pair of horns on your head.


Message History

The scorpion is moderately wounded.
The scorpion stings you but does no damage.
You hit the scorpion but do no damage.
The scorpion is moderately wounded.
The scorpion stings you!
* * * LOW HITPOINT WARNING * * *
You thump the scorpion!
You headbutt the scorpion, but do no damage.
The scorpion is severely wounded.
The scorpion misses you.
You hit the scorpion but do no damage.
The scorpion is severely wounded.
The scorpion closely misses you. The scorpion stings you.
* * * LOW HITPOINT WARNING * * *
Use which ability? (? or * to list) You're too hungry to go berserk.
You hit the scorpion but do no damage.
The scorpion is severely wounded.
The scorpion stings you!
You die...

#+# #.# #.#. ###.# #.#.#
...# #.#.# #.### #.#%#
##.... #.#.# #.....
#.#.# #####. #.#.# #.
#######@#.# #.
..(.....s..# #.
#########.#############.
#...............
################


You could see a scorpion.

Vanquished Creatures
  4 worms
  A giant mite (D:1)
  2 giant geckos (D:1)
  7 bats
  4 goblins
  4 hobgoblins
  3 kobolds
  3 giant newts (D:1)
  6 rats
34 creatures vanquished.

Notes
Turn   | Place    | Note
--------------------------------------------------------------
     0 | D:1      | monstruo, the Minotaur Berserker, began the quest for the Orb.
     0 | D:1      | Reached XP level 1. HP: 19/19 MP: 1/1
   264 | D:1      | Reached XP level 2. HP: 27/27 MP: 1/1
   368 | D:1      | Reached skill level 4 in Fighting
   779 | D:1      | Reached XP level 3. HP: 33/33 MP: 2/2
  1034 | D:2      | Acquired Trog's second power
  1473 | D:2      | Found a basalt altar of Yredelemnul.
  1927 | D:3      | Noticed a scorpion
  1937 | D:3      | Slain by a scorpion

Action                   || total
-------------------------++-------
Melee: Mace              ||    74
  Eat: Chunk             ||     2
